 Dungeon Crawl Stone Soup version 0.19-a0-277-g85cb9a5 (webtiles) character file.

46 epen the Bolt Thrower (level 3, 0/26 HPs)
             Began as a Demonspawn Wanderer on May 26, 2016.
             Slain by an adder (2 damage)
             ... on level 2 of the Dungeon.
             The game lasted 00:01:50 (908 turns).

epen the Bolt Thrower (Demonspawn Wanderer)          Turns: 908, Time: 00:01:51

Health: 0/26       AC:  8    Str: 13    XL:     3   Next: 46%
Magic:  4/4        EV:  9    Int: 13    God:
Gold:   62         SH:  0    Dex: 12    Spells: 0 memorised, 4 levels left

rFire  . . .     SeeInvis .     (no weapon)
rCold  . . .     Gourm    .     a - +2 scale mail
rNeg   . . .     Faith    .     (no shield)
rPois  .         Spirit   .     (no helmet)
rElec  .         Dismiss  .     (no cloak)
rCorr  .         Reflect  .     (no gloves)
SustAt .         Harm     .     (no boots)
MR     .....                    (no amulet)
Stlth  ..........               (no ring)
                                (no ring)

@: lethally poisoned (0 -> -6), not resistant to hostile enchantments, extremely
unstealthy
A: hooves 1, demonic guardian 1
a: no special abilities


You were on level 2 of the Dungeon.
You were not hungry.

You visited 1 branch of the dungeon, and saw 2 of its levels.

You collected 62 gold pieces.

Inventory:

Hand Weapons
 c - a +0 hand crossbow
Missiles
 d - 18 bolts
Armour
 a - a +2 scale mail (worn)
Wands
 o - a wand of lightning (5/15)
Scrolls
 e - a scroll of teleportation {unknown}
 i - a scroll of blinking {unknown}
 k - a scroll of random uselessness {unknown}
 l - a scroll of magic mapping {unknown}
 p - a scroll of enchant armour {unknown}
Potions
 b - a potion of lignification
 h - a potion of heal wounds {unknown}
 j - a potion of curing {unknown}
 m - a potion of berserk rage {unknown}
 q - a potion of might {unknown}
 r - a potion of agility {unknown}
Comestibles
 f - 3 bread rations
 g - a meat ration
 n - 4 chunks of flesh


   Skills:
 + Level 1.3 Fighting
 + Level 3.1 Crossbows
 - Level 1.0 Throwing
 + Level 1.8 Armour
 * Level 1.4 Dodging
   Level 1.0 Shields
 * Level 0.1 Unarmed Combat
 - Level 1.0 Spellcasting
   Level 1.7 Translocations


You had 4 spell levels left.
You didn't know any spells.

Dungeon Overview and Level Annotations

Branches:
Dungeon (2/15)

Altars:
Cheibriados


Innate Abilities, Weirdness & Mutations

You have large cloven feet.
A weak demonic guardian rushes to your aid.


Message History

You closely miss the adder. Your kick misses the adder.
The adder bites you but does no damage.
You hit the adder.
The adder is lightly wounded.
The adder misses you. The adder bites you.
* * * LOW HITPOINT WARNING * * *
You are lethally poisoned!
The adder poisons you!
You hit the adder. Your kick misses the adder.
The adder is moderately wounded.
* * * LOW HITPOINT WARNING * * *
You feel sick. The adder barely misses you.
You hit the adder.
The adder is severely wounded.
The adder bites you but does no damage.
You closely miss the adder. Your kick misses the adder.
The adder is severely wounded.
* * * LOW HITPOINT WARNING * * *
You feel sick. The adder bites you.
You die...

## .. ## #. ..
########(###### ##
#.# #.....##.#....#
.# #.#
#.....##S#....#
.###.#
#.....##.@....#
..##.#
#.....####.####
..##.# #..........#
..##.# #..........#
..##.######.......#
#.##.#.....######.#.
....................
####.#.....########.#
♣♣♣##....# .#


You could see an adder.

Vanquished Creatures
  An adder (D:2)
  An ooze (D:1)
  2 dart slugs (D:1)
  A giant gecko (D:1)
  A giant cockroach (D:1)
  3 goblins
  A hobgoblin (D:1)
  8 jackals (D:1)
  A ball python (D:2)
  A bat (D:1)
  2 giant newts
  3 kobolds (D:1)
  A rat (D:1)
26 creatures vanquished.

Notes
Turn   | Place    | Note
--------------------------------------------------------------
     0 | D:1      | epen the Demonspawn Wanderer began the quest for the Orb.
     0 | D:1      | epen set off with: a +2 scale mail, a potion of lignification, a +0 hand crossbow, 27 bolts, a bread ration
     0 | D:1      | Reached XP level 1. HP: 15/15 MP: 2/2
    74 | D:1      | Reached skill level 1 in Dodging
    81 | D:1      | Gained mutation: You have large cloven feet. [demonic ancestry]
    81 | D:1      | Reached XP level 2. HP: 20/21 MP: 3/3
    92 | D:1      | Reached skill level 3 in Crossbows
   142 | D:1      | Gained mutation: A weak demonic guardian rushes to your aid. [demonic ancestry]
   142 | D:1      | Reached XP level 3. HP: 20/26 MP: 4/4
   398 | D:2      | Found a snail-covered altar of Cheibriados.
   908 | D:2      | Slain by an adder

Vault maps used:
D:1:      saegor_arrival_simple_e
D:2:      wad_woods_settlement, cheibriados_altar_1

Skill      XL: |  1  2 |
---------------+-------+-----
Dodging        | 1 |  1.4
Crossbows      | 3 |  3.1
Fighting       | |  1.3
Throwing       | |  1.0
Armour         | |  1.8
Shields        | |  1.0
Unarmed Combat | |  0.1
Spellcasting   | |  1.0
Translocations | |  1.7

Action                   || total
-------------------------++-------
Melee: Unarmed           ||   111
       Kick              ||    17
 Fire: Hand crossbow     ||    46
Armor: Scale mail        ||    64
Dodge: Dodged            ||    74
